 Dungeon Crawl Stone Soup version 0.31-a0-1308-ga3cce3a448 (webtiles) character file.

Game seed: 18427575073265777069

6940 Monkooky the Spear-Bearer (level 10, -6/70 HPs)
             Began as an Armataur Fighter on Dec 19, 2023.
             Was an Elder of the Shining One.
             Mangled by an alligator (9 damage)
             ... on level 10 of the Dungeon.
             The game lasted 00:24:30 (9280 turns).

Monkooky the Spear-Bearer (Armataur Fighter)        Turns: 9280, Time: 00:24:30

Health: -6/70      AC:  8    Str: 32    XL:     10   Next: 80%
Magic:  10/10      EV:  8    Int:  9    God:    the Shining One [****..]
Gold:   615        SH:  4    Dex:  9    Spells: 9/9 levels left

rFire   . . .        C - +0 broad axe
rCold   + . .        c - +0 buckler
rNeg    + + .        N - +0 troll leather armour
rPois   .            R - +0 helmet
rElec   .            e - +1 cloak
rCorr   .            (no gloves)
SInv    .            (no barding)
Will    .....        (no amulet)
Stlth   +            i - +6 ring of strength
HPRegen 1.11/turn    L - ring of protection from cold
MPRegen 0.12/turn

%: roll
@: weak-willed, glowing
A: large, deformed body, tough skin 3, armoured tail, roll 2, long tongue
a: Renounce Religion, Divine Shield, Cleansing Flame


You were on level 10 of the Dungeon.
You worshipped the Shining One.
The Shining One was greatly pleased with you.
You visited 1 branch of the dungeon, and saw 10 of its levels.
You also visited: Ossuary.

You collected 703 gold pieces.
You spent 88 gold pieces at shops.

Inventory:

Hand Weapons
 a - a +0 trident
 u - a +0 glaive
 C - a +0 broad axe (weapon)
Missiles
 g - 5 javelins
 A - a throwing net
 P - 3 curare-tipped darts
Armour
 b - a +0 scale mail
 c - a +0 buckler (worn)
 e - a +1 cloak (worn)
 y - +0 steam dragon scales
 D - the +3 chain mail of Lies {Harm Str+2 Int-5 Dex+5}
   (You found it on level 7 of the Dungeon)

   Str+2:     It affects your strength (+2).
   Int-5:     It affects your intelligence (-5).
   Dex+5:     It affects your dexterity (+5).
   Harm:      It increases damage dealt and taken.
 N - a +0 troll leather armour (worn)
 R - a +0 helmet (worn)
Jewellery
 i - a +6 ring of strength (left hand)
 B - a ring of magical power
 L - a ring of protection from cold (right hand)
Wands
 o - a wand of digging (6)
 p - a wand of iceblast (2)
 s - a wand of flame (6)
 x - a wand of polymorph (7)
 M - a wand of mindburst (10)
Scrolls
 f - a scroll of vulnerability
 j - 2 scrolls of fog {unknown}
 k - 3 scrolls of teleportation
 n - a scroll of brand weapon
 q - 3 scrolls of immolation
 r - a scroll of torment
 t - 4 scrolls of amnesia
 E - 3 scrolls of blinking
 F - a scroll of poison
 J - a scroll of acquirement {unknown}
 K - a scroll of enchant armour
 Q - a scroll of revelation {unknown}
Potions
 d - 2 potions of might
 l - a potion of invisibility
 m - a potion of mutation
 v - a potion of attraction
 z - 3 potions of haste {unknown}
 G - a potion of brilliance
 H - a potion of lignification {unknown}
 I - a potion of degeneration {unknown}
 O - a potion of resistance {unknown}


   Skills:
 + Level 3.3 Fighting
 + Level 7.9(10.6) Axes
 - Level 11.0(12.0) Polearms
 - Level 3.7 Armour
 - Level 3.4 Shields
 - Level 3.5 Evocations


You had 9 spell levels left.
You didn't know any spells.
Your spell library contained the following spells:

 Spells                   Type           Power      Damage    Failure   Level
 Apportation              Tloc           0%         N/A       45%         1
 Necrotise                Necr           0%         1d4       45%         1
 Summon Small Mammal      Summ           0%         N/A       45%         1
 Volatile Blastmotes      Fire/Tloc      0%         2d10      83%         3
 Cause Fear               Hex            0%         N/A       99%         4


Dungeon Overview and Level Annotations

Branches:
Dungeon (10/15)            Temple (0/1) D:7            Lair (0/5) D:8
    Orc (0/2) D:9         Ossuary (visited)

Altars:
Dithmenos
Elyvilon
Hepliaklqana
Makhleb
Nemelex Xobeh
Sif Muna
Uskayaw
Vehumet
Xom
The Shining One

Shops:
D:5 **   D:8 *

Portals:
Abyss: D:7

Annotations:
D:4 exclusion: downstairs
D:7 2 transporters, kaesle's ghost, novice HOFi
D:8 4 transporters, exclusion: downstairs


Innate Abilities, Weirdness & Mutations

Armour fits poorly on your strangely shaped body.
You have extremely tough skin. (AC +3)
You have a long armoured tail.
You regenerate magic and health when rolling toward enemies. (Rampage Regen)
Your long tongue fully drains potion bottles. (2x potion effects)


Message History

Press: ? - help, Shift-Dir - straight line, f/p - alligator
Aim: an alligator (lightly wounded, haloed, chance to affect: 62%)
The alligator resists with significant effort.
The alligator tail-slaps you.
The alligator bites you but does no damage.
Aiming: Mindburst
Press: ? - help, Shift-Dir - straight line, f/p - alligator
Aim: an alligator (lightly wounded, haloed, chance to affect: 62%)
The alligator resists with significant effort.
The alligator tail-slaps you. The alligator bites you.
The alligator drags you backwards!
Aiming: Mindburst
Press: ? - help, Shift-Dir - straight line, f/p - alligator
Aim: an alligator (lightly wounded, haloed, chance to affect: 62%)
The alligator resists with significant effort.
The alligator tail-slaps you! The alligator completely misses you.
Aiming: Mindburst
Press: ? - help, Shift-Dir - straight line, f/p - alligator
Aim: an alligator (lightly wounded, haloed, chance to affect: 62%)
The alligator's mind is blasted!!
The alligator tail-slaps you. You block the alligator's attack.
The alligator tail-slaps you. The alligator bites you!!
The alligator drags you backwards!
Aiming: Mindburst
Press: ? - help, Shift-Dir - straight line, f/p - alligator
Aim: an alligator (heavily wounded, haloed, chance to affect: 62%)
The alligator's mind is blasted!
The alligator tail-slaps you!
* * * LOW HITPOINT WARNING * * *
The alligator bites you!!
* * * LOW HITPOINT WARNING * * *
The alligator drags you backwards!
Okay, then.
Blink to where?
Press: ? - help, Dir - move target, p - alligator
Okay, then.
As you read the scroll of fear, it crumbles to dust.
You assume a fearsome visage.
The alligator resists with some effort.
The alligator tail-slaps you. The Shining One protects you from harm!
The alligator bites you!
You die...

##. #.. #.# ####+#####
#.# #........# #.#
#..!.....# #.#
#........# ####.###
#.......!# ......)####
#...@l...#
####)#....###........#
#.####...'........#
##.# #####........#
#..# #######+## #.##
#.# #.# ##'#####


You could see an alligator.

Vanquished Creatures
  A gargoyle (D:9)
  A troll (D:9)
  Grinder (D:4)
  9 yaks
  A fire bat (D:6)
  2 wyverns
  2 steam dragons (D:7)
  3 water moccasins
  Duvessa (D:5)
  A black bear (D:6)
  4 orc warriors
  4 ice beasts
  A sky beast (D:6)
  2 ogres
  2 centaurs (D:9)
  2 phantoms
  Blork the orc (D:6)
  3 bullfrogs
  2 kobold brigands
  4 scorpions
  Dowan (D:5)
  3 wights (D:8)
  10 killer bees
  2 howler monkeys (D:4)
  A crimson imp (D:7)
  7 hounds
  2 jellies (D:5)
  5 orc priests
  Ijyb (D:5)
  6 iguanas
  8 orc wizards
  3 mummies (Ossuary)
  5 adders
  A shadow imp (D:5)
  2 white imps (D:5)
  2 ufetubi (D:7)
  2 adder zombies (Ossuary)
  4 worms
  5 dart slugs
  49 orcs
  3 ball pythons
  2 bats
  5 endoplasms
  3 giant cockroaches
  7 goblins
  6 hobgoblins
  8 jackals
  3 quokkas (D:1)
  A frilled lizard (D:1)
  2 gnoll zombies (Ossuary)
  A goblin zombie (Ossuary)
  3 hobgoblin zombies (Ossuary)
  17 kobolds
  3 kobold zombies (Ossuary)
  An orc zombie (Ossuary)
  4 quokka zombies (Ossuary)
  6 rats
  2 rat zombies (Ossuary)
243 creatures vanquished.

Notes
Turn   | Place    | Note
-------+----------+-------------------------------------------
     0 | D:1      | Monkooky the Armataur Fighter began the quest for the Orb.
     0 | D:1      | Reached XP level 1. HP: 17/17 MP: 1/1
   113 | D:1      | Reached skill level 2 in Polearms
   113 | D:1      | Reached XP level 2. HP: 20/23 MP: 2/2
   464 | D:1      | Reached XP level 3. HP: 28/28 MP: 3/3
  1204 | D:2      | Reached skill level 3 in Polearms
  1208 | D:2      | Found a faded altar of an unknown god.
  1217 | D:2      | Prayed at the altar of an unknown god.
  1217 | D:2      | Became a worshipper of the Shining One
  1217 | D:2      | Reached * piety under the Shining One
  1590 | D:2      | Found a shadowy altar of Dithmenos.
  1753 | D:3      | Reached XP level 4. HP: 34/34 MP: 4/4
  2330 | D:4      | Found a white marble altar of Elyvilon.
  2388 | D:4      | Noticed Grinder
  2400 | D:4      | Killed Grinder
  2401 | D:4      | Reached skill level 5 in Polearms
  2401 | D:4      | Reached XP level 5. HP: 7/39 MP: 5/5
  2401 | D:4      | Reached XP level 6. HP: 8/46 MP: 6/6
  2599 | D:4      | Identified the +1 ring mail of Lifelessness {*Slow rPois
                  | rF++ Regen+}
  2986 | D:4      | Found a hide-covered altar of Uskayaw.
  3028 | D:5      | Entered Level 5 of the Dungeon
  3028 | D:5      | Noticed Dowan
  3029 | D:5      | Noticed Duvessa
  3166 | D:5      | Reached skill level 6 in Polearms
  3235 | D:5      | Found Nicofy's General Store.
  3236 | D:5      | Found Saexysur's Specific Store.
  3245 | D:5      | Bought a potion of berserk rage for 55 gold pieces
  3245 | D:5      | Bought a scroll of identify for 22 gold pieces
  3245 | D:5      | Bought a scroll of noise for 11 gold pieces
  3262 | D:5      | Killed Duvessa
  3263 | D:5      | Gained mutation: You regenerate magic and health when
                  | rolling toward enemies. (Rampage Regen) [Armataur growth]
  3263 | D:5      | Reached XP level 7. HP: 37/51 MP: 7/7
  3270 | D:5      | Killed Dowan
  3463 | D:5      | Reached skill level 7 in Polearms
  3538 | D:5      | Noticed Ijyb
  3546 | D:5      | Killed Ijyb
  3624 | D:5      | Found a glowing golden altar of the Shining One.
  3806 | D:5      | Reached skill level 8 in Polearms
  3806 | D:5      | Reached XP level 8. HP: 24/57 MP: 8/8
  3807 | D:5      | Reached ** piety under the Shining One
  4032 | D:5      | HP: 4/85 [poisoned by a water moccasin]
  4037 | D:5      | HP: 1/57 [poisoned by a water moccasin]
  4557 | D:5      | Identified the +1 falchion of True Grit {vamp, *Slow Str+2
                  | Dex+7}
  4639 | D:6      | Reached skill level 9 in Polearms
  4680 | D:6      | Noticed Blork the orc
  4693 | D:6      | Killed Blork the orc
  4984 | D:6      | Found a shimmering altar of Xom.
  5004 | D:6      | Reached skill level 10 in Polearms
  5004 | D:6      | Reached XP level 9. HP: 42/62 MP: 9/9
  5322 | D:6      | Reached skill level 11 in Polearms
  5509 | D:6      | Found a shimmering blue altar of Sif Muna.
  5552 | D:7      | Identified the +3 chain mail of Lies {Harm Str+2 Int-5
                  | Dex+5}
  5620 | D:7      | Reached skill level 1 in Axes
  5649 | D:7      | Found a transporter.
  5653 | D:7      | Found a transporter.
  5655 | D:7      | Found a one-way gate to the infinite horrors of the Abyss.
  5655 | D:7      | Noticed kaesle's ghost (novice HOFi)
  5680 | D:7      | Noticed a brown ugly thing
  5708 | D:7      | Found a staircase to the Ecumenical Temple.
  5903 | D:7      | Identified the +0 leather armour "Jecw" {Str+5 SInv}
  6136 | D:7      | Found a burning altar of Makhleb.
  6136 | D:7      | Found a radiant altar of Vehumet.
  6208 | D:7      | Noticed a cyan ugly thing
  6649 | D:8      | Found a sparkling altar of Nemelex Xobeh.
  6660 | D:8      | Found a sand-covered staircase.
  6665 | Ossuary  | Entered an ossuary
  6681 | Ossuary  | Reached *** piety under the Shining One
  6774 | Ossuary  | Reached **** piety under the Shining One
  6847 | D:8      | Reached skill level 5 in Axes
  6847 | D:8      | Reached XP level 10. HP: 51/68 MP: 10/10
  6976 | D:8      | Found a transporter.
  6978 | D:8      | Found a transporter.
  6982 | D:8      | Found a transporter.
  7375 | D:8      | HP: 3/68 [yak (10)]
  7616 | D:8      | Found Zeagaff's Fire Supplies.
  7707 | D:8      | Found a transporter.
  7761 | D:8      | Found a staircase to the Lair.
  7837 | D:8      | Reached skill level 1 in Evocations
  8101 | D:9      | Found a staircase to the Orcish Mines.
  8461 | D:9      | Noticed a gargoyle
  8472 | D:9      | Killed a gargoyle
  8475 | D:9      | HP: 3/68 [poisoned by a killer bee]
  8480 | D:9      | HP: 3/68 [poisoned by a killer bee]
  8565 | D:9      | Got the Compendium of Hexing Transposition
  9135 | D:9      | Found a hazy altar of Hepliaklqana.
  9208 | D:10     | Entered Level 10 of the Dungeon
  9263 | D:10     | Noticed a boulder beetle
  9272 | D:10     | a boulder beetle changed into an alligator
  9272 | D:10     | Noticed an alligator
  9279 | D:10     | HP: 2/70 [alligator (18)]
  9280 | D:10     | The Shining One protects you from harm!
  9280 | D:10     | Mangled by an alligator

Illustrated notes

Levels and vault maps discovered:
D:1:      saegor_arrival_fortress, layout_basic, serial_forest,
          infiniplex_forest_clump_curved, infiniplex_forest_end_double,
          infiniplex_forest_straight_3, infiniplex_forest_corner_1,
          infiniplex_forest_end_2, infiniplex_forest_lined_4_way,
          minmay_misc_feat_tower
D:2:      layout_rooms, ebering_ecumenical_altar_webs, basic_altar,
          ebering_dispersal_statue_hall, nicolae_concentric_dashed_squares_wild
D:3:      layout_loops_ring
D:4:      layout_basic, mainiacjoe_overflow_alcove_1, lemuel_tele_altar,
          solitary_fountain, kennysheep_generic_room_12, uniq_grinder
D:5:      layout_basic, tso_metal_star, nicolae_specific_store,
          kennysheep_path_1, kennysheep_generic_room_6, uniq_duvessa, uniq_ijyb
D:6:      layout_basic, led_sif_pool, regret_index_xom_of_box,
          minmay_joined_circles, uniq_blork_the_orc
D:7:      layout_layer_cave, grunt_temple_overflow_lords_of_destruction,
          minmay_temple_entry_grid, gammafunk_ghost_abyssal_escape
D:8:      layout_rooms, nemelex_spade_bored_becter, lair_entry_dummy,
          nicolae_ossuary_entry_false_entrances, minmay_misc_feat_pillars,
          nicolae_shop_fire_sale [nicolae_sub_dead_trees],
          nicolae_transporter_circle
D:9:      layout_gridville, nzn_hepliaklqana_mist_gate, orc_0_dummy,
          special_room [special_room_orc]
D:10:     layout_roguey, fedhas_altar_3, uniq_erica, uniq_urug, uniq_maurice

Skill      XL: |  1  2  3  4  5  6  7  8  9 10 |
---------------+-------------------------------+-----
Polearms       | 2 3 5 6 8 10 11 | 11.0
Axes           | 5 7 |  7.9
Evocations     | 3 |  3.5
Fighting       | 3 |  3.3
Armour         | |  3.7
Shields        | |  3.4

Action                     |  1- 3 |  4- 6 |  7- 9 | 10-12 || total
---------------------------+-------+-------+-------+-------++-------
  Melee: Trident           |   126 |    84 |   350 |   195 ||   755
         Tailslap          |    11 |    12 |    49 |    36 ||   108
         Broad axe         |       |       |       |    32 ||    32
  Evoke: Wand              |       |     1 |     9 |    25 ||    35
    Use: Potion            |       |     1 |     3 |     3 ||     7
         Scroll            |       |     4 |     8 |     4 ||    16
 Armour: Scale mail        |    62 |    40 |   144 |       ||   246
         Steam dragon scal |       |       |    46 |    82 ||   128
         Troll leather arm |       |       |       |    82 ||    82
  Dodge: Dodged            |    25 |    19 |    94 |    49 ||   187
  Block: Buckler           |    15 |     9 |    41 |    30 ||    95

Table legend: (Time is in decaauts)
 A = Elapsed time spent in this place.
 B = Non-inter-level travel time spent in this place.
 C = Inter-level travel time spent in this place.
 D = Time resting spent in this place.
 E = Time spent auto-exploring this place.
 F = Levels seen in this place.
 G = Mean time per level.
                   A        B        C        D        E       F      G
               +--------+--------+--------+--------+--------+-----+--------+
         Total |   9211 |   8923 |    288 |   1248 |   5822 |  11 |  837.4 |
       Dungeon |   9056 |   8768 |    288 |   1248 |   5815 |  10 |  905.6 |
       Ossuary |    154 |    154 |      0 |      0 |      7 |   1 |  154.0 |
               +--------+--------+--------+--------+--------+-----+--------+

Top non-repeatable levels by time:
     D:5: 1517 daAuts
     D:8: 1482 daAuts
     D:1: 1212 daAuts
     D:9: 1112 daAuts
     D:6: 953 daAuts
     D:4: 833 daAuts
     D:7: 830 daAuts
     D:3: 616 daAuts
     D:2: 424 daAuts
 Ossuary: 154 daAuts
    D:10: 73 daAuts
